 Dungeon Crawl Stone Soup version 0.18.1-5-g4a78601 (webtiles) character file.

117 MirrMurr the Sneak (level 4, -3/21 HPs)
             Began as a Spriggan Enchanter on May 13, 2016.
             Killed from afar by a dart slug (4 damage)
             ... with a slug dart
             ... on level 3 of the Dungeon.
             The game lasted 00:08:31 (4090 turns).

MirrMurr the Sneak (Spriggan Enchanter)             Turns: 4090, Time: 00:08:31

Health: -3/21      AC:  3    Str:  4    XL:     4   Next: 71%
Magic:  4/10       EV: 18    Int: 17    God:
Gold:   100        SH:  0    Dex: 16    Spells: 4 memorised, 1 level left

rFire  . . .     SeeInvis +     a - +2 dagger
rCold  . . .     Gourm    .     b - +1 robe
rNeg   . . .     Faith    .     (shield restricted)
rPois  .         Spirit   .     (helmet restricted)
rElec  .         Dismiss  .     (no cloak)
rCorr  .         Reflect  .     (gloves unavailable)
SustAt .         Harm     .     (boots unavailable)
MR     .....                    (no amulet)
Stlth  ++++......               (no ring)
                                (no ring)

@: lethally poisoned (-3 -> -8), very slightly contaminated, very quick, not
resistant to hostile enchantments, stealthy
A: unfitting armour, see invisible, herbivore 3, speed 3, slow metabolism 2
a: no special abilities


You were on level 3 of the Dungeon.
You were not hungry.

You visited 1 branch of the dungeon, and saw 3 of its levels.

You collected 100 gold pieces.

Inventory:

Hand Weapons
 a - a +2 dagger (weapon)
 p - a +1 dagger of venom
Missiles
 f - 7 needles of sleeping
 k - 78 stones (quivered)
Armour
 b - a +1 robe (worn)
 g - a +1 cloak
 h - a +0 cloak
 i - a +0 cloak
Potions
 j - a potion of haste
 l - a potion of degeneration
 o - a potion of flight
 q - a potion of beneficial mutation {unknown}
 r - a potion of cure mutation {unknown}
 s - 2 potions of curing {unknown}
Books
 c - a book of Maledictions

   Spells                             Type                      Level
   a - Corona                         Hexes                        1
   b - Ensorcelled Hibernation        Hexes/Ice                    2
   c - Confuse                        Hexes                        3
   d - Tukima's Dance                 Hexes                        3
   e - Dazzling Spray                 Conjuration/Hexes            3
Comestibles
 d - 2 bread rations


   Skills:
 - Level 1.1 Short Blades
 - Level 3.0 Dodging
 * Level 7.9 Stealth
 + Level 3.6 Spellcasting
 - Level 3.6 Hexes


You had one spell level left.
You knew the following spells:

 Your Spells              Type           Power        Failure   Level  Hunger
a - Ensorcelled Hibernat  Hex/Ice        #.....       14%         2    ##.....
b - Confuse               Hex            ###.....     12%         3    ###....
c - Corona                Hex            ###....      3%          1    None
d - Dazzling Spray        Conj/Hex       #.......     24%         3    ###....


Dungeon Overview and Level Annotations

Branches:
Dungeon (3/15)

Altars:
Kikubaaqudgha

Annotations:
D:2 come back, Sigmund
D:3 smzp's ghost, amateur DrTm


Innate Abilities, Weirdness & Mutations

You are tiny and cannot use many weapons and most armour.
You have supernaturally acute eyesight.
You are a herbivore.
You cover ground extremely quickly.
You need consume almost no food.


Message History

Aim: an adder (chance to defeat MR: 50%)
The adder resists with some effort.
The adder bites you.
* * * LOW HITPOINT WARNING * * *
You are lethally poisoned!
The adder poisons you!
You are too injured to fight recklessly!
Casting: Ensorcelled Hibernation
Confirm with . or Enter, or press ? or * to list all spells.
Aiming: Ensorcelled Hibernation
Press: ? - help, Shift-Dir - straight line, f/p - adder
Aim: an adder (chance to defeat MR: 50%)
You miscast Ensorcelled Hibernation.
You are very lightly contaminated with residual magic.
You hear a crackling sound.
* * * LOW HITPOINT WARNING * * *
You feel sick. The adder bites you.
* * * LOW HITPOINT WARNING * * *
The dart slug launches a dart at you. The slug dart hits you!
You die...

.... .... ..... .....
...... ####......
##.w.......
#..S.......
#####.@###.....
##........#.#### #
##...........# .
#####......(.....# #
..................# #
##.........(.......#
#
....#%.#..........##
##......###...##...##
......#....).###..##


You could see an adder and a dart slug.

Vanquished Creatures
  5 adders
  2 oozes (D:3)
  2 worms
  2 ball pythons
  3 giant cockroaches (D:2)
  5 goblins
  9 hobgoblins
  4 jackals (D:2)
  A quokka (D:2)
  6 bats
  2 giant newts
  10 kobolds
  9 rats
60 creatures vanquished.

Notes
Turn   | Place    | Note
--------------------------------------------------------------
     0 | D:1      | MirrMurr the Spriggan Enchanter began the quest for the Orb.
     0 | D:1      | Reached XP level 1. HP: 9/9 MP: 5/5
   191 | D:1      | Reached skill level 5 in Stealth
   502 | D:1      | Reached XP level 2. HP: 13/13 MP: 6/6
   506 | D:1      | Learned a level 2 spell: Ensorcelled Hibernation
  1096 | D:1      | Reached skill level 6 in Stealth
  1637 | D:2      | Reached XP level 3. HP: 13/16 MP: 1/8
  1642 | D:2      | Learned a level 3 spell: Confuse
  2102 | D:2      | Noticed Sigmund
  2199 | D:2      | Reached skill level 7 in Stealth
  2391 | D:2      | Reached XP level 4. HP: 11/21 MP: 3/9
  2538 | D:2      | Learned a level 3 spell: Dazzling Spray
  3623 | D:3      | Found an ancient bone altar of Kikubaaqudgha.
  3668 | D:3      | Noticed smzp's ghost (amateur DrTm)
  4090 | D:3      | HP: 1/21 [adder (2)]
  4090 | D:3      | Killed from afar by a dart slug

Skill      XL: |  1  2  3 |
---------------+----------+-----
Stealth        | 5 6 7 |  7.9
Spellcasting   | 3 |  3.6
Short Blades   | |  1.1
Dodging        | |  3.0
Hexes          | |  3.6

Action                   |  1- 3 |  4- 6 || total
-------------------------+-------+-------++-------
Melee: Dagger            |   125 |    96 ||   221
 Cast: Ensorcelled Hiber |    11 |    18 ||    29
       Confuse           |     1 |     4 ||     5
       Dazzling Spray    |       |     2 ||     2
  Use: Scroll            |     5 |     4 ||     9
 Stab: Sleeping          |    19 |     9 ||    28
       Distracted        |     1 |     1 ||     2
       Confused          |       |     1 ||     1
  Eat: Bread ration      |       |     1 ||     1
Armor: Robe              |    17 |    14 ||    31
Dodge: Dodged            |   110 |    92 ||   202
